 Dungeon Crawl Stone Soup version 0.28-a0-957-g42eb19b844 (webtiles) character file.

Game seed: 341259867300719274

3763 horus123 the Nimble (level 10, -6/76 HPs)
             Began as a Merfolk Gladiator on Dec 1, 2021.
             Was a Follower of Makhleb.
             Killed by divine providence
             ... invoked by an orc priest
              (13 damage)
             ... on level 8 of the Dungeon.
             The game lasted 00:19:49 (9970 turns).

horus123 the Nimble (Merfolk Gladiator)             Turns: 9970, Time: 00:19:51

Health: -6/76      AC: 13    Str: 17    XL:     10   Next: 15%
Magic:  14/14      EV: 16    Int:  7    God:    Makhleb [*.....]
Gold:   590        SH:  0    Dex: 18    Spells: 8/9 levels left

rFire   . . .      SeeInvis .   s - +3 halberd
rCold   + . .      Faith    .   (shield currently unavailable)
rNeg    . . .      Spirit   .   p - +4 ring mail
rPois   .          Reflect  .   c - +0 helmet
rElec   .          Harm     .   (no cloak)
rCorr   .          Rampage  .   g - +0 pair of gloves
Will    .....                   (no boots)
Stlth   ..........              (no amulet)
HPRegen 0.22/turn               q - +4 ring of slaying
MPRegen 0.14/turn               o - ring of protection from cold

@: confused
A: (nimble swimmer 2), mertail
a: Renounce Religion


You were on level 8 of the Dungeon.
You worshipped Makhleb.
Makhleb was aware of your devotion.
You visited 2 branches of the dungeon, and saw 9 of its levels.

You collected 590 gold pieces.

Inventory:

Hand Weapons
 a - a +1 trident
 n - a +1 vorpal long sword
 s - a +3 halberd (weapon)
 z - a +0 halberd
Missiles
 d - 3 throwing nets
 h - 39 poisoned darts (quivered)
Armour
 b - a +0 leather armour
 c - a +0 helmet (worn)
 g - a +0 pair of gloves (worn)
 p - a +4 ring mail (worn)
Jewellery
 o - a ring of protection from cold (right hand)
 q - a +4 ring of slaying (left hand)
Wands
 x - a wand of digging (4)
Scrolls
 r - a scroll of vulnerability
 B - 2 scrolls of identify
Potions
 e - a potion of magic
 f - 2 potions of brilliance
 j - a potion of mutation
 k - a potion of flight {unknown}
 l - a potion of ambrosia {unknown}
 m - a potion of might {unknown}
 t - a potion of cancellation {unknown}
 v - a potion of lignification {unknown}
 w - a potion of attraction {unknown}
 A - a potion of haste {unknown}


   Skills:
 - Level 6.1 Fighting
 + Level 6.6 Polearms
 - Level 2.1 Throwing
 - Level 7.1 Armour
 - Level 9.3 Dodging
 - Level 0.1 Stealth
 - Level 6.3 Invocations


You had 8 spell levels left.
You knew the following spells:

 Your Spells              Type           Power      Damage    Failure   Level
a - Pain                  Necr           0%         1d4       61%         1

Your spell library contained the following spells:

 Spells                   Type           Power      Damage    Failure   Level
 Animate Skeleton         Necr           0%         N/A       61%         1
 Ozocubu's Armour         Ice            0%         N/A       93%         3
 Vampiric Draining        Necr           0%         2d6       93%         3
 Metabolic Englaciation   Hex/Ice        0%         N/A       100%        5
 Simulacrum               Ice/Necr       0%         N/A       100%        6


Dungeon Overview and Level Annotations

Branches:
Dungeon (8/15)             Temple (1/1) D:7
   Lair: D:8-11

Altars:
Cheibriados
Dithmenos
Elyvilon
Gozag
Hepliaklqana
Kikubaaqudgha
Makhleb
Okawaru
Ru
Sif Muna
Trog
Vehumet
Wu Jian
Xom
Yredelemnul
Zin
The Shining One

Shops:
D:2 (

Annotations:
D:7 2 transporters, oldmanjim's ghost, novice HOMo


Innate Abilities, Weirdness & Mutations

((You are quick and stealthy near water. (Stealth+, EV+, Speed+++)))
Your lower body shifts to a powerful aquatic tail in water.


Message History

The steam dragon bites you.
The steam dragon claws you but does no damage.
You hit the steam dragon.
The steam dragon is heavily wounded.
You are engulfed in a cloud of scalding steam.
The steam dragon breathes steam at you. The ball of steam hits you!
An orc wizard comes into view. It is wielding a +0 dagger.
You hear a shout!
You are too injured to fight recklessly!
The steam dragon breathes steam at you. The ball of steam hits you!
* * * LOW HITPOINT WARNING * * *
The orc wizard gestures at you while chanting.
You easily resist.
Your legs become a tail as you enter the water.
Okay, then.
You hit the steam dragon but do no damage.
The steam dragon is heavily wounded.
The steam dragon closely misses you. The steam dragon barely misses you.
You barely miss the steam dragon.
The steam dragon is heavily wounded.
The steam dragon breathes steam at you. The ball of steam hits you!
* * * LOW HITPOINT WARNING * * *
The orc wizard gestures wildly while chanting.
The orc wizard flickers and vanishes!
Deactivating autopickup; reactivate with Ctrl-A.
The steam dragon bites you.
* * * LOW HITPOINT WARNING * * *
The steam dragon misses you.
An orc priest comes into view. It is wielding a +0 hand axe.
You slash the steam dragon!
You kill the steam dragon!
Makhleb accepts your kill.
The steam dragon scales are intact enough to wear.
You are confused.
The orc priest invokes the aid of Beogh against you.
Beogh smites you!
You die...

..........o...<...........
........o.[...............
........................
......................
#....................
###...####.............
#≈≈≈≈≈≈≈≈#.............
###..[####.............
##.§@...............#
####.....).........
######....#§###.......#
#......##...###....^..#
#.........###.........#
#........<...)##......#
#.....#.......).......#######
#.....##########.............
####### #.......#...#.


You could see an orc priest.

Vanquished Creatures
  Pikel (D:6)
  A komodo dragon (D:7)
  A hornet (D:8)
  4 humans (D:6)
  A steam dragon (D:8)
  Menkaure (D:5)
  An orc warrior (D:8)
  A black bear (D:6)
  2 necrophages (D:6)
  A lemure (D:6)
  2 phantoms
  2 kobold brigands
  A bullfrog (D:7)
  2 wyvern zombies (D:7)
  A scorpion (D:7)
  A water moccasin zombie (D:7)
  2 wights (D:8)
  A howler monkey (D:5)
  A bullfrog zombie (D:5)
  A jelly (D:5)
  A centaur skeleton (D:6)
  An orc priest (D:8)
  Crazy Yiuf (D:4)
  A gnoll shaman (D:8)
  2 hounds
  2 bullfrog skeletons
  An iguana (D:4)
  5 orc wizards
  A mummy (D:5)
  A howler monkey skeleton (D:2)
  5 gnolls (D:8)
  14 adders
  A shadow imp (D:8)
  A white imp (D:7)
  An ufetubus (D:5)
  An adder zombie (D:3)
  An adder skeleton (D:4)
  3 worms (D:2)
  A dart slug (D:4)
  13 orcs
  6 endoplasms
  A giant cockroach (D:3)
  6 goblins
  8 hobgoblins
  38 kobolds
  3 quokkas
  9 ball pythons
  2 bats (D:2)
  3 frilled lizards
  A giant cockroach zombie (D:3)
  3 rats
165 creatures vanquished.

Vanquished Creatures (collateral kills)
  An orc warrior (D:7)
  A necrophage (D:7)
  2 wights (D:8)
  A shadow imp (D:7)
  2 orcs (D:7)
7 creatures vanquished.

Vanquished Creatures (others)
  33 plants
33 creatures vanquished.

Grand Total: 205 creatures vanquished

Notes
Turn   | Place    | Note
-------+----------+-------------------------------------------
     0 | D:1      | horus123 the Merfolk Gladiator began the quest for the Orb.
     0 | D:1      | Reached XP level 1. HP: 16/16 MP: 1/1
   454 | D:1      | You fall into a shaft and drop 1 floor!
   454 | D:2      | Found Dyodu's Weapon Boutique.
   489 | D:2      | Reached XP level 2. HP: 22/22 MP: 2/2
   503 | D:2      | Reached skill level 5 in Polearms
   585 | D:2      | Learned a level 1 spell: Pain
   834 | D:2      | Found a white marble altar of Elyvilon.
   878 | D:2      | Reached XP level 3. HP: 13/28 MP: 3/3
  1051 | D:2      | Found a faded altar of an unknown god.
  1626 | D:2      | Reached XP level 4. HP: 34/34 MP: 4/4
  2069 | D:2      | Reached skill level 5 in Dodging
  2309 | D:2      | Reached XP level 5. HP: 39/39 MP: 5/5
  2460 | D:2      | Reached skill level 6 in Dodging
  2688 | D:3      | Found a basalt altar of Yredelemnul.
  3218 | D:3      | Found a shadowy altar of Dithmenos.
  3576 | D:4      | Reached skill level 7 in Dodging
  3589 | D:4      | Reached XP level 6. HP: 26/45 MP: 6/6
  3874 | D:4      | Found a runed translucent door.
  3875 | D:4      | Noticed Crazy Yiuf
  3883 | D:4      | Killed Crazy Yiuf
  3890 | D:4      | Identified the +1 mace of Eternal Vigilance {freeze, Fly}
  4091 | D:4      | Found an opulent altar of Gozag.
  4103 | D:4      | Found a shimmering altar of Xom.
  4723 | D:5      | Entered Level 5 of the Dungeon
  4779 | D:5      | Noticed Menkaure
  4811 | D:5      | Killed Menkaure
  4812 | D:5      | Reached skill level 5 in Fighting
  4812 | D:5      | Reached XP level 7. HP: 6/57 MP: 7/7
  5596 | D:5      | Reached skill level 8 in Dodging
  6218 | D:5      | Identified the +9 flail of Dewk {freeze, rN+}
  6289 | D:5      | Identified the +8 dagger of Yeast {elec, rF+ rN+ Dex+2}
  6809 | D:6      | Reached skill level 9 in Dodging
  6809 | D:6      | Reached XP level 8. HP: 64/64 MP: 8/8
  6844 | D:6      | Reached skill level 1 in Armour
  7281 | D:6      | Reached skill level 5 in Armour
  7281 | D:6      | Reached XP level 9. HP: 35/69 MP: 9/9
  7548 | D:6      | Noticed Pikel
  7573 | D:6      | Killed Pikel
  7901 | D:7      | Found a transporter.
  7902 | D:7      | Noticed oldmanjim's ghost (novice HOMo)
  7905 | D:7      | Found a transporter.
  7913 | D:7      | Noticed a two-headed ogre
  8013 | D:7      | Found a staircase to the Ecumenical Temple.
  8022 | Temple   | Entered the Ecumenical Temple
  8120 | Temple   | Became a worshipper of Makhleb the Destroyer
  8378 | D:7      | Found a shimmering blue altar of Sif Muna.
  8378 | D:7      | Found a glowing golden altar of the Shining One.
  8378 | D:7      | Found a hazy altar of Hepliaklqana.
  8571 | D:7      | Noticed a komodo dragon
  8594 | D:7      | Killed a komodo dragon
  9252 | D:8      | Reached XP level 10. HP: 76/76 MP: 13/13
  9288 | D:8      | Reached skill level 5 in Invocations
  9538 | D:8      | Paralysed by a hornet for 1 turns
  9542 | D:8      | Paralysed by a hornet for 2 turns
  9831 | D:8      | Reached * piety under Makhleb
  9970 | D:8      | Killed from afar by an orc priest

Illustrated notes

Levels and vault maps discovered:
D:1:      dpeg_arrival_round_c, layout_rooms
D:2:      layout_basic, serial_forest, infiniplex_forest_end_2,
          infiniplex_forest_end_2, infiniplex_forest_straight_4,
          infiniplex_forest_straight_2, infiniplex_forest_end_3,
          infiniplex_forest_end_1, infiniplex_forest_clump_diagonal,
          infiniplex_forest_clump_long, basic_altar,
          hellmonk_ecumenical_altar_crossroads, serial_shops,
          nicolae_shop_bloodbath_and_beyond, minmay_snake_closets
D:3:      layout_loops_cross, lemuel_zombie_altar_yredelemnul,
          grunt_dithmenos_smoke
D:4:      layout_loops_ring, jmf_multi_god_temple, serial_forest,
          infiniplex_forest_straight_4, infiniplex_forest_end_3,
          infiniplex_forest_zigzag_2, infiniplex_forest_zigzag_2,
          infiniplex_forest_lined_2, infiniplex_forest_lined_3,
          infiniplex_forest_clump_tiny, infiniplex_forest_end_2,
          infiniplex_forest_straight_5, dk_rats_in_the_wall,
          uniq_crazy_yiuf_cottage
D:5:      kennysheep_kobold_camp, layout_basic, gup_ossuary_entry_pyramid,
          hex_intersection, uniq_menkaure
D:6:      layout_rooms, minmay_ruffians, uniq_pikel
D:7:      layout_basic, chequers_temple_overflow_statue_of_worship,
          temple_statues, nzn_ghost_randoct
D:8:      layout_rooms, serial_rivers, chequers_serial_rivers_micro_d,
          chequers_serial_rivers_micro_a, chequers_serial_rivers_micro_c,
          chequers_serial_rivers_small_3, chequers_serial_rivers_large_b,
          minmay_misc_feat_four_crosses
Temple:   minmay_temple_curvy_loop

Skill      XL: |  1  2  3  4  5  6  7  8  9 10 |
---------------+-------------------------------+-----
Polearms       | 5 6 |  6.6
Dodging        | 5 7 9 |  9.3
Fighting       | 5 6 |  6.1
Armour         | 5 7 |  7.1
Invocations    | 4 6 |  6.3
Throwing       | |  2.1
Stealth        | |  0.1

Action                   |  1- 3 |  4- 6 |  7- 9 | 10-12 || total
-------------------------+-------+-------+-------+-------++-------
Melee: Trident           |    84 |   243 |   310 |       ||   637
       Halberd           |       |       |       |    62 ||    62
Throw: Throwing net      |     1 |       |       |       ||     1
       Dart              |    21 |    10 |     7 |       ||    38
Evoke: Wand              |       |       |     7 |       ||     7
  Use: Scroll            |     3 |     6 |     7 |       ||    16
       Potion            |       |     2 |     1 |     1 ||     4
 Stab: Sleeping          |       |     5 |       |       ||     5
Armor: Leather armour    |    12 |    52 |    21 |       ||    85
       Ring mail         |       |       |    57 |    23 ||    80
Dodge: Dodged            |    44 |   153 |   192 |    45 ||   434

Table legend: (Time is in decaauts)
 A = Elapsed time spent in this place.
 B = Non-inter-level travel time spent in this place.
 C = Inter-level travel time spent in this place.
 D = Time resting spent in this place.
 E = Time spent auto-exploring this place.
 F = Levels seen in this place.
 G = Mean time per level.
                   A        B        C        D        E       F      G
               +--------+--------+--------+--------+--------+-----+--------+
         Total |   9950 |   9667 |    283 |   1372 |   6674 |   9 | 1105.6 |
       Dungeon |   9775 |   9558 |    217 |   1372 |   6574 |   8 | 1221.9 |
        Temple |    174 |    108 |     66 |      0 |     99 |   1 |  174.0 |
               +--------+--------+--------+--------+--------+-----+--------+

Top non-repeatable levels by time:
     D:5: 1991 daAuts
     D:2: 1887 daAuts
     D:4: 1283 daAuts
     D:6: 1071 daAuts
     D:7: 1062 daAuts
     D:8: 926 daAuts
     D:3: 884 daAuts
     D:1: 667 daAuts
  Temple: 174 daAuts
